 Dungeon Crawl Stone Soup version 0.31.0-10-gcf4a605ca0 (webtiles) character file.

Game seed: 2291612941343885070

44 Xavori the Trooper (level 3, -5/30 HPs)
             Began as a Djinni Chaos Knight on Jan 25, 2024.
             Was a Plaything of Xom.
             Slain by an orc
             ... wielding a +3 trident of freezing
              (6 damage)
             ... on level 3 of the Dungeon.
             The game lasted 00:01:19 (9266 turns).

Xavori the Trooper (Djinni Chaos Knight)            Turns: 9266, Time: 00:01:20

Health: -5/30      AC:  5    Str: 11      XL:     3   Next: 85%
Gold:   108        EV: 12    Int: 12 (13) God:    Xom [...*..] SH:  0 Dex: 14

rFire   + + .        a - +1 falchion (chaos)
rCold   x . .        (no shield)
rNeg    . . .        b - +2 leather armour
rPois   ∞            (no helmet)
rElec   .            (no cloak)
rCorr   .            (no gloves)
SInv    .            (boots unavailable)
Will    .....        (no amulet)
Stlth   +            (no ring)
HPRegen 0.25/turn    (no ring)
MPRegen 0.00/turn

%: infuse magic (-6 HP)
@: flying
A: sickness immunity, fire resistance 2, cold vulnerability 1, float, innate
caster, HP casting, extra vitality 1, mutation resistance 1, subdued magic 1
a: Renounce Religion


You were on level 3 of the Dungeon.
You worshipped Xom.
You were a favourite toy of Xom.
You visited 1 branch of the dungeon, and saw 3 of its levels.

You collected 108 gold pieces.

Inventory:

Hand Weapons
 a - a +1 falchion of chaos (weapon)
Armour
 b - a +2 leather armour (worn)
Wands
 n - a wand of digging (6)
Scrolls
 c - a scroll of butterflies
 d - 6 scrolls of teleportation {unknown}
 e - a scroll of enchant armour {unknown}
 g - 2 scrolls of identify {unknown}
 i - 2 scrolls of enchant weapon
 j - a scroll of amnesia {unknown}
 m - a scroll of fog {unknown}
Potions
 f - a potion of mutation {unknown}
 h - 2 potions of cancellation {unknown}
 k - a potion of attraction {unknown}
 l - a potion of berserk rage {unknown}


   Skills:
 + Level 3.2 Fighting
 + Level 3.0 Long Blades
 + Level 2.0 Armour
 + Level 2.3 Dodging
 * Level 0.4 Spellcasting
 * Level 0.4 Conjurations
 * Level 0.4 Hexes
 * Level 0.4 Summonings
 * Level 0.4 Necromancy
 * Level 0.4 Translocations
 * Level 0.4 Fire Magic
 * Level 0.4 Ice Magic
 * Level 0.4 Air Magic
 * Level 0.4 Earth Magic
 * Level 0.4 Alchemy


You knew the following spells:

 Your Spells              Type           Power      Damage    Failure   Level
a - Slow                  Hex            0%         N/A       30%         1
Your spell library was empty.

Dungeon Overview and Level Annotations

Branches:
Dungeon (3/15)

Altars:
Cheibriados

Shops:
D:1 [


Innate Abilities, Weirdness & Mutations

You are immune to sickness and miasma.
You are immune to poison.
Your flesh is very heat resistant. (rF++)
You are vulnerable to cold. (rC-)
You float through the air rather than walking.
You learn spells naturally, not from books.
Your magical power is your life essence.
You have superior vitality. (+4 MHP)
You are somewhat resistant to further mutation.
Your spells are a little easier to cast, but a little less powerful.


Message History

Found 11 gold pieces.
A quokka is nearby!
An orc priest comes into view. It is wielding a +0 trident.
The quokka bites you but does no damage.
You miss the quokka. The quokka bites you.
There are monsters nearby!
You closely miss the quokka. The quokka closely misses you.
The quokka bites you.
The orc priest miscasts a cantrip.
There are monsters nearby!
You slash the quokka!
You kill the quokka!
An orc comes into view.
It is wielding a +3 trident of freezing.
The orc priest calls down the wrath of Beogh upon you.
Beogh smites you!
An endoplasm comes into view.
The orc priest closely misses you.
A quokka and an orc come into view.
The orc priest hits you with a +0 trident.
You see here 11 gold pieces.
You are too injured to fight recklessly!
You are too injured to fight recklessly!
You are too injured to fight recklessly!
The orc priest misses you. The orc barely misses you.
The orc priest hits you with a +0 trident.
* * * LOW HITPOINT WARNING * * *
You see here 11 gold pieces.
You hit the orc priest. You burn the orc priest.
The orc priest is heavily wounded. "See what I see, my child!"
You detect items!
The quokka barely misses you. The orc misses you.
The orc priest closely misses you. The quokka closely misses you.
You hit the orc priest. You burn the orc priest.
The orc priest is severely wounded.
The orc hits you with a +3 trident of freezing!
* * * LOW HITPOINT WARNING * * *
The orc freezes you.
You die...
Xom laughs nastily!

∆ .... .J..... ........
. # ........ .. .##.###
#.....# ..
.......##.....## ##.
......o........# .# #..
.....o.@.......# #..##..
∆
......or.......#.##.....
.......##......... #....
....... ##....##. ....
....... #..### .. #.
....... ##..# .....# ##
.......##...# ......####
.......#...## .# #......
∆ #...# .# #.....#


You could see an orc priest, 2 orcs and a quokka.

Vanquished Creatures
  An adder (D:2)
  5 ball pythons
  3 bats
  4 endoplasms
  4 giant cockroaches
  2 goblins
  4 hobgoblins
  2 quokkas
  A frilled lizard (D:2)
  6 rats
32 creatures vanquished.

Notes
Turn   | Place    | Note
-------+----------+-------------------------------------------
     0 | D:1      | Xavori the Djinni Chaos Knight began the quest for the Orb.
     0 | D:1      | Reached XP level 1. HP: 20/20 MP: 0/0
    48 | D:1      | Found Zedemoxyti's Armour Emporium.
   218 | D:1      | XOM: silly message
   244 | D:1      | Reached XP level 2. HP: 25/25 MP: 0/0
   464 | D:1      | XOM: divination: detect items
   519 | D:1      | XOM is BORED!
   519 | D:1      | XOM: silly message
   597 | D:1      | XOM: silly message
   639 | D:1      | XOM: divination: magic mapping
   959 | D:1      | XOM: silly message
  1070 | D:1      | XOM is BORED!
  1224 | D:1      | XOM: give mutations
  1224 | D:1      | Gained mutation: You possess an exceptional clarity of
                  | mind. [Xom's mischief]
  1224 | D:1      | Gained mutation: You have a pair of small antennae on your
                  | head. [Xom's mischief]
  1224 | D:1      | Gained mutation: Your spells are a little easier to cast,
                  | but a little less powerful. [Xom's mischief]
  1295 | D:1      | XOM: give mutation
  1295 | D:1      | Gained mutation: You occasionally shout uncontrollably at
                  | your foes. [Xom's mischief]
  1310 | D:1      | XOM: god gift: scroll labelled IMOUGO WONAGASS {god gift}
  1466 | D:1      | XOM: give mutations
  1466 | D:1      | Lost mutation: You occasionally shout uncontrollably at
                  | your foes. [Xom's mischief]
  1466 | D:1      | Lost mutation: You possess an exceptional clarity of mind.
                  | [Xom's mischief]
  1466 | D:1      | Gained mutation: You are somewhat resistant to further
                  | mutation. [Xom's mischief]
  1614 | D:1      | XOM: god gift: leather armour {god gift}
  3034 | D:1      | XOM: stat loss: -1 Str (10/11)
  4122 | D:1      | XOM: silly message
  5289 | D:1      | XOM: stat loss: -1 Int (12/13)
  5529 | D:1      | XOM: summons 1 hostile shadow creature
  5830 | D:1      | XOM is BORED!
  5830 | D:1      | XOM: give mutations
  5830 | D:1      | Lost mutation: You have a pair of small antennae on your
                  | head. [Xom's mischief]
  5830 | D:1      | Gained mutation: You have a pair of small antennae on your
                  | head. [Xom's mischief]
  5830 | D:1      | Lost mutation: You have a pair of small antennae on your
                  | head. [Xom's mischief]
  7100 | D:1      | XOM: summons 2 hostile demons
  7101 | D:1      | Noticed a sixfirhy
  8134 | D:1      | XOM: summons 2 hostile demons
  8135 | D:1      | Noticed a crimson imp
  8238 | D:2      | XOM: noise
  8254 | D:2      | Found a faded altar of an unknown god.
  8254 | D:2      | XOM: 4-stop teleportation journey
  8267 | D:2      | Reached XP level 3. HP: 18/30 MP: 0/0
  8267 | D:2      | Learned a level 1 spell: Slow
  8347 | D:2      | XOM: cloud trail
  8890 | D:2      | Found a snail-covered altar of Cheibriados.
  9265 | D:3      | XOM: divination: detect items
  9266 | D:3      | HP: 1/30 [orc/+3 trident of freezing (9)]
  9266 | D:3      | Slain by an orc

Illustrated notes

Levels and vault maps discovered:
D:1:      eino_arrival_tree_alley, layout_loops_ring, serial_shops, shop
D:2:      layout_basic, shapermc_ecumenical_altar_mp_highgroup, basic_altar
D:3:      layout_rooms, okawaru_altar_gauntlet_db

Skill      XL: |  1  2  3 |
---------------+----------+-----
Long Blades    | 3 |  3.0
Armour         | 2 |  2.0
Fighting       | |  3.2
Dodging        | |  2.3
Spellcasting   | |  0.4
Conjurations   | |  0.4
Hexes          | |  0.4
Summonings     | |  0.4
Necromancy     | |  0.4
Translocations | |  0.4
Fire Magic     | |  0.4
Ice Magic      | |  0.4
Air Magic      | |  0.4
Earth Magic    | |  0.4
Alchemy        | |  0.4

Action                     || total
---------------------------++-------
  Melee: Falchion          ||    74
         Punch             ||     1
    Use: Scroll            ||     1
 Armour: Leather armour    ||    57
  Dodge: Dodged            ||    52
